AoeStats
← Infadel

Arabia

510390273Analyzed
1v1 RM · 12h ago on Sep 30, 2026· 53m 56s· 2 players
Game mode
Random Map
Map size
Tiny (2 player)
Population
200
Speed
Normal
Resources
Standard
Victory
Conquest
Starting age
Dark Age
Ending age
Imperial Age
RankedLock teamsTeams togetherTeam positionsShared explorationLock speedFull tech treeHidden civsTurbo modeCheats
Victory
Defeat
🇮🇳 Mongols · India
1057
+17
🇵🇱 Mapuche · Poland
1084
-17
Infadel
6:28 Loom
9:17 Feudal Age
10:16 Double-Bit Axe
13:11 Forging
13:57 Scale Barding Armor
21:20 Bloodlines
23:20 Castle Age
21:07 Horse Collar
22:01 Bloodlines
23:30 Light Cavalry
24:35 Bow Saw
25:25 Gold Mining
28:13 Wheelbarrow
27:24 Town Watch
30:00 Chain Barding Armor
30:16 Iron Casting
29:32 Fletching
30:53 Hand Cart
35:32 Gold Shaft Mining
34:48 Stone Mining
35:02 Elite Skirmisher
38:17 Bodkin Arrow
38:23 Padded Archer Armor
40:17 Leather Archer Armor
41:09 Thumb Ring
45:09 Imperial Age
42:56 Heavy Plow
46:19 Stone Shaft Mining
46:34 Bracer
47:34 Blast Furnace
47:43 Cavalier
47:46 Heavy Camel Rider
52:46 Chemistry
53:38 Hussar
Dzikość Lasu
10:49 Feudal Age
9:07 Loom
11:32 Double-Bit Axe
11:36 Town Watch
13:25 Wheelbarrow
13:09 Horse Collar
24:13 Castle Age
25:16 Fletching
25:50 Bow Saw
25:54 Pikeman
29:45 Padded Archer Armor
31:43 Heavy Plow
33:45 Bodkin Arrow
37:02 Gold Mining
38:37 Forging
42:24 Imperial Age
44:30 Iron Casting
44:11 Leather Archer Armor
45:13 Crop Rotation
45:19 Stone Mining
47:04 Ballistics
46:35 Elite Bolas Rider
50:57 Gold Shaft Mining
49:54 Champi Runner
Connection lost

Rejoining the realm…

Still unreachable

The connection could not be restored.

Session expired

The server has moved on; the page needs a fresh start.